 Dungeon Crawl Stone Soup version 0.32-a0-558-g233958a4c4 (webtiles) character file.

Game seed: 7082640205619620937

143287 NotYourErnst the Peltast (level 16, -3/132 HPs)
             Began as a Mountain Dwarf Fire Elementalist on Feb 28, 2024.
             Was a High Priest of Vehumet.
             Slain by a +3 short sword of freezing (4 damage)
             ... on level 1 of the Orcish Mines on Feb 29, 2024.
             The game lasted 04:46:19 (32228 turns).

NotYourErnst the Peltast (MDFE)                    Turns: 32228, Time: 04:46:20

Health: -3/132     AC: 16    Str: 12    XL:     16   Next: 82%
Magic:  28/29      EV: 10    Int: 23    God:    Vehumet [*****.]
Gold:   1772       SH: 16    Dex: 16    Spells: 6/34 levels left

rFire   + + +        G - +6 sling of Upheaval {flame, rElec rN++ SInv Stlth-}
rCold   + + .        c - +2 shield of Resistance {rF++ rC++ Will++}
rNeg    + + .        p - +2 ring mail {rPois}
rPois   +            R - +0 helmet
rElec   +            a - +0 cloak {rF+}
rCorr   .            q - +2 pair of gloves {Stlth+}
SInv    +            o - +0 pair of boots
Will    +++..        V - amulet of magic regeneration
Stlth   +++          Q - ring of wizardry
HPRegen 0.42/turn    r - +6 ring of dexterity
MPRegen 0.61/turn

%: wizardry (x1)
@: invisible
A: runic magic, artefact enchanting
a: Renounce Religion


You were on level 1 of the Orcish Mines.
You worshipped Vehumet.
Vehumet was extremely pleased with you.
You visited 5 branches of the dungeon, and saw 21 of its levels.
You also visited: Sewer and Volcano.

You collected 2412 gold pieces.
You spent 640 gold pieces at shops.

Inventory:

Hand Weapons
 G - the +6 sling of Upheaval (weapon) {flame, rElec rN++ SInv Stlth-}
   (You found it on level 4 of the Dungeon)

   rElec:     It insulates you from electricity.
   rN++:      It greatly protects you from negative energy.
   SInv:      It lets you see invisible.
   Stlth-:    It makes you less stealthy.
 U - a +0 vampiric war axe
Missiles
 f - 47 poisoned darts
 y - 9 curare-tipped darts
 F - 2 atropa-tipped darts
 H - 4 throwing nets
Armour
 a - a +0 cloak of fire resistance (worn)
 c - the +2 shield of Resistance (worn) {rF++ rC++ Will++}
   (You acquired it on level 10 of the Dungeon)

   rF++:      It greatly protects you from fire.
   rC++:      It greatly protects you from cold.
   Will++:    It greatly increases your willpower.
 o - a +0 pair of boots (worn)
 p - a +2 ring mail of poison resistance (worn)
 q - a +2 pair of gloves of stealth (worn)
 B - the -1 pair of gloves of the Gastropod {+Blink}
   (You found it on level 1 of the Elven Halls)

   +Blink:    It lets you blink.
 R - a +0 helmet (worn)
Jewellery
 g - a ring of fire
 j - a ring of willpower
 r - a +6 ring of dexterity (right hand)
 O - a ring of resist corrosion
 Q - a ring of wizardry (left hand)
 V - an amulet of magic regeneration (around neck)
Wands
 h - a wand of polymorph (13)
 v - a wand of flame (4)
 D - a wand of paralysis (11)
 W - a wand of mindburst (8)
Scrolls
 e - a scroll of summoning
 l - 7 scrolls of teleportation
 m - 9 scrolls of poison
 s - 2 scrolls of revelation
 C - a scroll of vulnerability {unknown}
 E - 3 scrolls of fog
 J - 3 scrolls of immolation
 M - a scroll of blinking
 N - 3 scrolls of fear
Potions
 b - 3 potions of magic
 d - 4 potions of berserk rage
 i - 6 potions of lignification
 k - 2 potions of mutation
 n - 4 potions of brilliance
 t - 4 potions of attraction
 u - a potion of enlightenment
 w - 5 potions of haste
 x - 2 potions of invisibility
 z - a potion of might
 A - 4 potions of resistance
 L - a potion of ambrosia
 X - 3 potions of curing
Miscellaneous
 P - a tin of tremorstones (2/2)
 T - a lightning rod (4/4)


   Skills:
 - Level 9.1 Fighting
 - Level 9.3 Armour
 - Level 1.4 Dodging
 - Level 6.0 Stealth
 - Level 15.7 Shields
 * Level 9.9 Spellcasting
 * Level 8.2 Conjurations
 - Level 13.0 Fire Magic
 - Level 7.6 Earth Magic
 - Level 7.3 Alchemy


You had 6 spell levels left.
You knew the following spells:

 Your Spells              Type           Power      Damage    Failure   Level
a - Foxfire               Conj/Fire      100%       2x1d9     1%          1
b - Scorch                Fire           100%       2d9       1%          2
c - Olgreb's Toxic Radia  Alch           45%        N/A       1%          4
d - Fireball              Conj/Fire      28%        3d12      1%          5
e - Bombard               Conj/Erth      23%        9d4       8%          6
f - Iskenderun's Battles  Conj           49%        2d10      1%          5
g - Lee's Rapid Deconstr  Erth           23%        3d13*     1%          5

Your spell library contained the following spells:

 Spells                   Type           Power      Damage    Failure   Level
 Kiss of Death            Conj/Necr      100%       2d13      1%          1
 Shock                    Conj/Air       100%       1d9       1%          1
 Sting                    Conj/Alch      100%       1d9       1%          1
 Mercury Vapours          Alch/Air       56%        N/A       1%          2
 Static Discharge         Conj/Air       60%        3-6/arc   1%          2
 Hailstorm                Conj/Ice       30%        3d8       1%          3
 Inner Flame              Hex/Fire       41%        N/A       1%          3
 Passwall                 Erth           46%        N/A       1%          3
 Volatile Blastmotes      Fire/Tloc      82%        2d16      1%          3
 Brom's Barrelling Bould  Conj/Erth      47%        2d6       1%          4
 Flame Wave               Conj/Fire      57%        2d14      1%          4
 Necrotise                Necr           44%        1d6       5%          1
 Ensorcelled Hibernation  Hex/Ice        22%        N/A       8%          2
 Airstrike                Air            5%         2d(1-17)  12%         4
 Call Canine Familiar     Summ           11%        N/A       16%         3
 Confusing Touch          Hex            11%        N/A       16%         3
 Sigil of Binding         Hex            11%        N/A       16%         3
 Summon Ice Beast         Ice/Summ       11%        N/A       16%         3
 Swiftness                Air            11%        N/A       16%         3
 Tukima's Dance           Hex            11%        N/A       16%         3
 Vampiric Draining        Necr           11%        2d6       16%         3
 Conjure Ball Lightning   Conj/Air       15%        3x3d6     30%         6
 Anguish                  Hex/Necr       5%         N/A       43%         4
 Animate Dead             Necr           11%        N/A       43%         4
 Cause Fear               Hex            5%         N/A       43%         4
 Dimensional Bullseye     Hex/Tloc       5%         N/A       43%         4
 Dispel Undead            Necr           11%        3d9       43%         4
 Martyr's Knell           Necr/Summ      11%        N/A       43%         4
 Summon Lightning Spire   Summ/Air       11%        N/A       43%         4
 Curse of Agony           Necr           11%        N/A       77%         5
 Summon Forest            Summ/Tloc      5%         N/A       77%         5
 Summon Mana Viper        Hex/Summ       11%        N/A       77%         5
 Sculpt Simulacrum        Ice/Alch       14%        N/A       82%         6
 Summon Cactus Giant      Summ           5%         N/A       99%         6
 Orb of Destruction       Conj           24%        9d9       32%         7
 Enfeeble                 Hex            5%         N/A       100%        7
 Haunt                    Necr/Summ      5%         N/A       100%        7
 Monstrous Menagerie      Summ           5%         N/A       100%        7
 Infestation              Necr           5%         N/A       100%        8


Dungeon Overview and Level Annotations

Branches:
Dungeon (12/15)            Temple (1/1) D:5            Lair (5/5) D:10
 Shoals (0/4) Lair:2        Snake (0/4) Lair:2        Slime (0/5) Lair:4
    Orc (2/2) D:10            Elf (1/3) Orc:2         Sewer (visited)
Volcano (visited)

Altars:
Ashenzari
Cheibriados
Dithmenos
Elyvilon
Fedhas
Gozag
Hepliaklqana
Kikubaaqudgha
Makhleb
Nemelex Xobeh
Okawaru
Qazlal
Ru
Sif Muna
Trog
Uskayaw
Vehumet
Wu Jian
Xom
Yredelemnul
Zin
The Shining One
Beogh

Shops:
D:6 =   D:12 [*   Orc:2 =([[(

Annotations:
D:10 2 runed translucent doors, exclusions: 2 doors and 3 more exclusions
Temple 4 transporters


Innate Abilities, Weirdness & Mutations

Your spellcasting is much less encumbered by armour.
You can use scrolls of enchantment on lesser artefacts.


Message History

The +0 short sword of electrocution hits you.
* * * LOW HITPOINT WARNING * * *
The +0 short sword of flaming attacks as it pursues you!
The +0 short sword of flaming hits you but does no damage.
You block the +3 short sword of freezing's attack.
The +0 short sword of electrocution hits you but does no damage.
The +0 short sword of flaming hits you but does no damage.
You take 3 damage, and have 26/132 hp.
You fade into invisibility!
The +3 short sword of freezing hits you!
* * * LOW HITPOINT WARNING * * *
The +0 short sword of electrocution hits you but does no damage.
The +0 short sword of flaming hits you.
* * * LOW HITPOINT WARNING * * *
The +3 short sword of freezing hits you.
* * * LOW HITPOINT WARNING * * *
The +0 short sword of electrocution hits you.
* * * LOW HITPOINT WARNING * * *
You block the +0 short sword of flaming's attack.
You take 19 damage, and have 7/132 hp.
The +3 short sword of freezing hits you.
* * * LOW HITPOINT WARNING * * *
The +0 short sword of electrocution hits you but does no damage.
The +0 short sword of flaming hits you.
* * * LOW HITPOINT WARNING * * *
There is a staircase back to the Dungeon, spattered with blood here.
You take 4 damage, and have 3/132 hp.
You feel better.
The +3 short sword of freezing hits you but does no damage.
The +0 short sword of electrocution hits you but does no damage.
You block the +3 short sword of freezing's attack.
The +0 short sword of electrocution hits you!
* * * LOW HITPOINT WARNING * * *
You block the +0 short sword of flaming's attack.
You take 2 damage, and have 1/132 hp.
You block the +3 short sword of freezing's attack.
The +0 short sword of electrocution hits you but does no damage.
The +0 short sword of flaming barely misses you.
The +3 short sword of freezing hits you.
You die...

##......##.............#..#...##
#.......#..)....[..#.........)##
##......##....[..).....#.....).#
#........##...........#.#...#.).
##...#...##...).)............)..)
........##....#...[..............
...#.#.##.#.##..............##...
.#######....#..[.(.>........###..
## ##.......@(...).......##..
##..#...รท(...).#....####.
#....#.......).......###.
####..)....#...#........###
##.#..[.....#.[.##...##..###
#....[......)))##.#...#...#
#.............[[......#..###
##..#..#....#...(#..........#
#...###....#.................


You could see 3 dancing weapons.

Vanquished Creatures
  Josephine (D:11)
  Erolcha (Orc:2)
  A hydra (Lair:2)
  4 ogre magi (Orc:2)
  Erica (D:11)
  2 catoblepae
  13 two-headed ogres
  A hell hog (Lair:5)
  5 death yaks (Lair:4)
  Lodul (D:11)
  2 thermic dynamos (Orc:2)
  An arcanist (Volcano)
  5 deep elf pyromancers (Elf:1)
  A lindwurm (Lair:5)
  4 deep elf zephyrmancers (Elf:1)
  An ugly thing (D:12)
  2 orc knights
  A wolf spider (Lair:5)
  4 orc sorcerers
  4 salamanders (Volcano)
  7 cyclopes
  A guardian serpent (Lair:5)
  5 kobold blastminers
  7 elephants
  3 molten gargoyles (Volcano)
  13 black mambas
  Maggie (D:7)
  9 cane toads
  3 rime drakes
  6 komodo dragons
  2 efreet (Volcano)
  9 polar bears (Lair:5)
  3 trolls
  16 blink frogs
  Prince Ribbit (D:5)
  2 hornets (Lair:5)
  2 raiju (Lair:5)
  2 dream sheep (Lair:5)
  A shadow (D:12)
  A vampire (D:11)
  8 wraiths
  5 basilisks
  12 wyverns
  A vampire mosquito (D:12)
  6 wargs
  Eustachio (D:5)
  Grum (D:9)
  56 yaks
  3 steam dragons
  4 redbacks (Lair:5)
  15 hell hounds (Lair:5)
  An acid dragon (D:6)
  19 water moccasins
  14 orc warriors
  An ice beast (D:8)
  A sky beast (D:8)
  30 ogres
  14 black bears
  A centaur (D:5)
  40 wolves
  3 phantoms
  2 kobold brigands
  A scorpion (D:10)
  19 bullfrogs
  2 gnoll sergeants
  7 killer bees (D:11)
  3 howler monkeys (D:11)
  7 electric eels
  3 lava snakes (Lair:1)
  2 bombardier beetles
  A crimson imp (D:5)
  3 jellies (Sewer)
  14 orc priests
  A gnoll bouda (D:4)
  2 hounds
  2 sleepcaps
  23 orc wizards
  8 iguanas
  11 gnolls
  12 adders
  3 river rats (Sewer)
  3 white imps
  4 ufetubi (D:7)
  4 dart slugs
  65 orcs
  12 ball pythons
  13 endoplasms
  7 giant cockroaches
  3 hobgoblins
  4 jackals (D:3)
  15 kobolds
  6 quokkas
  11 bats
  8 frilled lizards
  4 goblins
  8 rats
678 creatures vanquished.

Vanquished Creatures (collateral kills)
  Psyche (D:8)
  8 foxfires
9 creatures vanquished.

Vanquished Creatures (others)
  614 foxfires
614 creatures vanquished.

Grand Total: 1301 creatures vanquished

Notes
Turn   | Place    | Note
-------+----------+-------------------------------------------
     0 | D:1      | NotYourErnst the Mountain Dwarf Fire Elementalist began the
                  | quest for the Orb.
     0 | D:1      | Reached XP level 1. HP: 14/14 MP: 3/3
   271 | D:1      | Reached skill level 1 in Conjurations
   352 | D:1      | Reached XP level 2. HP: 22/22 MP: 0/4
  1119 | D:2      | Got the Octavo of Predestined Accomplices
  1184 | D:2      | Reached skill level 1 in Fighting
  1184 | D:2      | Reached XP level 3. HP: 28/28 MP: 1/6
  1914 | D:3      | Found a shimmering altar of Xom.
  1922 | D:3      | Reached XP level 4. HP: 35/35 MP: 4/7
  1932 | D:3      | Reached skill level 1 in Alchemy
  2026 | D:3      | Found a broken altar of Ashenzari.
  2175 | D:3      | Found a glowing silver altar of Zin.
  2366 | D:3      | Learned a level 2 spell: Scorch
  2603 | D:3      | Found an ancient bone altar of Kikubaaqudgha.
  2881 | D:3      | Found a hazy altar of Hepliaklqana.
  3463 | D:4      | Reached XP level 5. HP: 41/41 MP: 5/8
  3555 | D:4      | Found a glowing drain.
  3609 | Sewer    | Entered a sewer
  3868 | Sewer    | Reached XP level 6. HP: 50/50 MP: 3/9
  4197 | Sewer    | Found a viscous altar of Jiyva.
  4201 | Sewer    | Reached skill level 5 in Fire Magic
  4599 | D:4      | Found a glowing golden altar of the Shining One.
  5039 | D:4      | Identified the +5 sling of Upheaval {flame, rElec rN++ SInv
                  | Stlth-}
  5165 | D:5      | Entered Level 5 of the Dungeon
  5172 | D:5      | Reached XP level 7. HP: 48/57 MP: 5/11
  5365 | D:5      | Found a staircase to the Ecumenical Temple.
  5411 | Temple   | Found a transporter.
  5411 | Temple   | Found a transporter.
  5411 | Temple   | Found a transporter.
  5411 | Temple   | Found a transporter.
  5411 | Temple   | Entered the Ecumenical Temple
  5549 | D:5      | Noticed Prince Ribbit
  5554 | D:5      | Killed Prince Ribbit
  5555 | D:5      | Reached XP level 8. HP: 43/66 MP: 9/13
  5678 | D:5      | Noticed Eustachio
  6039 | D:5      | Killed Eustachio
  6842 | D:6      | Reached skill level 5 in Fighting
  7312 | D:6      | Found a sacrificial altar of Ru.
  7594 | D:6      | Found Jejuetic's Jewellery Emporium.
  7723 | D:7      | Reached XP level 9. HP: 70/74 MP: 15/15
  8154 | D:7      | Noticed Maggie
  8265 | D:6      | Bought a ring of wizardry for 360 gold pieces
  8273 | D:6      | Learned a level 4 spell: Olgreb's Toxic Radiance
  8917 | D:7      | Killed Maggie
  9453 | D:8      | Noticed Psyche
  9457 | D:8      | Killed Psyche
  9458 | D:8      | Reached skill level 1 in Armour
  9523 | D:8      | Reached skill level 5 in Spellcasting
 10010 | D:8      | Found a white marble altar of Elyvilon.
 11066 | D:8      | Found a radiant altar of Vehumet.
 11068 | D:8      | Found an iron altar of Okawaru.
 11336 | D:8      | Became a worshipper of Vehumet
 11570 | D:9      | Reached skill level 5 in Alchemy
 11570 | D:9      | Reached XP level 10. HP: 83/83 MP: 7/18
 11985 | D:9      | Found a shimmering blue altar of Sif Muna.
 12206 | D:9      | Noticed Grum
 12209 | D:9      | Reached * piety under Vehumet
 12209 | D:9      | Offered knowledge of Sandblast by Vehumet.
 12210 | D:9      | Reached skill level 5 in Stealth
 12217 | D:9      | Killed Grum
 12425 | D:10     | Entered Level 10 of the Dungeon
 12444 | D:10     | Reached skill level 1 in Shields
 12612 | D:10     | Reached skill level 2 in Shields
 12617 | D:10     | Reached skill level 3 in Shields
 12777 | D:10     | Identified a scroll of acquirement
 12777 | D:10     | Acquired the +2 shield of Resistance {rF++ rC++ Will++}
 12777 | D:10     | Found the +2 shield of Resistance {rF++ rC++ Will++}
 12893 | D:10     | Reached skill level 4 in Shields
 12898 | D:10     | Reached XP level 11. HP: 91/91 MP: 20/20
 12913 | D:10     | Found a large runed translucent door.
 12923 | D:10     | Found a large runed translucent door.
 12958 | D:10     | Reached skill level 5 in Shields
 13127 | D:10     | Reached skill level 6 in Shields
 13196 | D:10     | Found a staircase to the Lair.
 13242 | D:10     | Found a staircase to the Orcish Mines.
 13252 | D:10     | Reached ** piety under Vehumet
 13264 | D:10     | Found a roughly hewn altar of Beogh.
 13265 | D:10     | Offered knowledge of Freeze by Vehumet.
 13275 | D:10     | Reached skill level 7 in Shields
 13796 | D:11     | Noticed Lodul
 13796 | D:11     | Noticed Josephine
 13796 | D:11     | Noticed a two-headed ogre
 13886 | D:11     | Noticed Erica
 13891 | D:11     | Killed Lodul
 13892 | D:11     | Reached skill level 8 in Shields
 13988 | D:10     | Killed a two-headed ogre
 13993 | D:10     | Reached skill level 9 in Shields
 14114 | D:11     | Killed Erica
 14263 | D:11     | Offered knowledge of Searing Ray by Vehumet.
 14543 | D:11     | Reached skill level 10 in Shields
 14878 | D:11     | Reached skill level 11 in Shields
 14883 | D:11     | Reached *** piety under Vehumet
 15118 | D:11     | Reached XP level 12. HP: 96/97 MP: 16/21
 15399 | D:11     | Reached skill level 12 in Shields
 15946 | D:11     | Killed Josephine
 16413 | D:12     | Found Cyupt's General Store.
 16443 | D:12     | Bought a scroll of fog for 64 gold pieces
 16597 | D:12     | Reached skill level 13 in Shields
 17334 | D:12     | Found Zidghu's Armour Emporium.
 17351 | D:12     | Bought a +2 ring mail of poison resistance for 216 gold
                  | pieces
 17885 | Lair:1   | Entered Level 1 of the Lair of Beasts
 18090 | Lair:1   | Offered knowledge of Fulminant Prism by Vehumet.
 18092 | Lair:1   | Reached skill level 14 in Shields
 18476 | Lair:1   | Noticed a catoblepas
 18508 | Lair:1   | Reached skill level 5 in Armour
 18508 | Lair:1   | Killed a catoblepas
 18659 | Lair:1   | Learned a level 5 spell: Fireball
 18740 | Lair:1   | Reached **** piety under Vehumet
 18832 | Lair:1   | Offered knowledge of Mephitic Cloud by Vehumet.
 19637 | Lair:2   | Found a staircase to the Snake Pit.
 19647 | Lair:2   | Reached skill level 15 in Shields
 19693 | Lair:2   | Noticed a seven-headed hydra
 19716 | Lair:2   | Learned a level 5 spell: Iskenderun's Battlesphere
 19729 | Lair:2   | Killed a seven-headed hydra
 19730 | Lair:2   | Reached XP level 13. HP: 98/104 MP: 3/22
 19921 | Lair:2   | Found a staircase to the Shoals.
 20440 | Lair:2   | Upgraded the game from 0.32-a0-519-g08f29ac1c3 to
                  | 0.32-a0-558-g233958a4c4
 20458 | Lair:3   | Reached skill level 10 in Fire Magic
 22098 | Lair:4   | Reached ***** piety under Vehumet
 22098 | Lair:4   | Offered knowledge of Bombard by Vehumet.
 22754 | Lair:4   | Found a staircase to the Slime Pits.
 23107 | Lair:5   | Entered Level 5 of the Lair of Beasts
 23194 | Lair:5   | Found a dark tunnel.
 23262 | Volcano  | Entered a volcano
 24113 | Volcano  | Learned a level 6 spell: Bombard
 24296 | Volcano  | Noticed an orb of fire
 24316 | Volcano  | Noticed an orb of fire
 24596 | Volcano  | Reached XP level 14. HP: 114/114 MP: 25/25
 24696 | Lair:5   | Reached XP level 15. HP: 121/121 MP: 25/27
 24932 | Lair:5   | Reached skill level 5 in Earth Magic
 25288 | Lair:5   | Reached XP level 16. HP: 88/127 MP: 22/28
 27311 | Lair:5   | Offered knowledge of Sticky Flame by Vehumet.
 28645 | Orc:1    | Entered Level 1 of the Orcish Mines
 29141 | Orc:1    | Found a roughly hewn altar of Beogh.
 29628 | Orc:2    | Entered Level 2 of the Orcish Mines
 29660 | Orc:2    | Noticed Erolcha
 29685 | Orc:2    | Offered knowledge of Lee's Rapid Deconstruction by Vehumet.
 29709 | Orc:2    | Found a staircase to the Elven Halls.
 29779 | Orc:2    | Found Wagyv Mawn's Jewellery Boutique.
 30198 | Orc:2    | Killed Erolcha
 30510 | Orc:2    | Found Ynicu's Armour Boutique.
 30510 | Orc:2    | Found Itijoschi's Antique Weapon Emporium.
 30511 | Orc:2    | Found Retom's Antique Weapon Shoppe.
 30511 | Orc:2    | Found Xaunt's Armour Boutique.
 31314 | Lair:2   | Learned a level 5 spell: Lee's Rapid Deconstruction
 31435 | Elf:1    | Entered Level 1 of the Elven Halls
 32094 | Elf:1    | Identified the -1 pair of gloves of the Gastropod {+Blink}
 32226 | Orc:1    | HP: 6/132 [+3 short sword of freezing (1)]
 32227 | Orc:1    | HP: 1/132 [+0 short sword of electrocution (8)]
 32228 | Orc:1    | Slain by a +3 short sword of freezing

Illustrated notes

Levels and vault maps discovered:
D:1:      dpeg_arrival_snail, layout_basic, serial_bayou_lagoon_a
D:2:      layout_rooms
D:3:      layout_loops_cross, cheibrodos_ashenzari_chains,
          mainiacjoe_overflow_small_starburst, nicolae_hepliaklqana_hippocampus,
          marbit_many_paths, mainiacjoe_overflow_24_doors, minivault_14,
          columned_hall_lemuel
D:4:      minmay_chambers_of_twos, layout_cave_pools, tso_oasis_becter,
          gup_sewer_entry_glass
D:5:      layout_cave_pools, temple_hall, minmay_fire_ice_demons,
          uniq_eustachio, uniq_prince_ribbit1
D:6:      layout_loops_ring, nicolae_ru_the_path_less_chosen, serial_shops,
          nicolae_shop_peninsula
D:7:      layout_loops_corners, corner_web_ring, uniq_maggie
D:8:      cheibrodos_steamvent, layout_loops_corners, elyvilon_altar_1,
          nicolae_overflow_hidden_temple, uniq_psyche
D:9:      layout_roguey, led_sif_book, dk_vineyard_2, minmay_crystal_room,
          uniq_grum
D:10:     layout_long_grid, grunt_lair_entry_orc_guard_hut,
          minmay_orc_entry_temple_small, lightli_elemental_guards
D:11:     layout_basic, minmay_misc_feat_alley, minivault_24,
          serial_bayou_lake_a, uniq_erica, uniq_lodul, uniq_josephine
D:12:     layout_stronghold, serial_shops, nicolae_shop_crystal, shop,
          the_hattery
Temple:   hellmonk_temple_divided_pantheon
Lair:1:   layout_big_grid, nicolae_lair_liquid_snakes, grunt_megastairs_4
Lair:2:   layout_loops_ring, mainiacjoe_shoals_entry_four_pools,
          dummy_snake_entry, beast_lair_carwin_11
Lair:3:   layout_layer_cave
Lair:4:   layout_long_grid, slime_entry_1
Lair:5:   hangedman_lair_caniforms_friends, layout_regular_city,
          hangedman_lair_tendril_chambers, nicolae_volcano_entry_vermiform
Orc:1:    layout_caves, basic_altar
Orc:2:    st_orc_ogre_mass, layout_caves, serial_shops,
          nicolae_shop_pleasant_corner_grove, statue_in_the_mist_lemuel,
          regret_index_minedec_shroomtown_chain, uniq_erolcha
Elf:1:    minmay_elf_arrival_summoners, layout_geoelf_diagonals, serial_shops,
          shop, nicolae_shop_stone, shop, nicolae_shop_peninsula,
          nicolae_take_the_stairs, hangedman_elven_crosses_minicolossus,
          minmay_shop_grove

Skill      XL: |  1  2  3  4  5  6  7  8  9 10 11 12 13 14 15 16 |
---------------+-------------------------------------------------+-----
Conjurations   | 1 2 3 4 6 8 |  8.2
Spellcasting   | 2 3 4 5 6 7 8 9 |  9.9
Fighting       | 1 2 3 4 5 6 7 9 |  9.1
Fire Magic     | 4 5 6 7 8 9 11 13 | 13.0
Alchemy        | 1 2 3 5 6 7 |  7.3
Stealth        | 2 3 4 5 6 |  6.0
Armour         | 3 4 6 8 9 |  9.3
Shields        | 4 11 15 | 15.7
Earth Magic    | 3 4 5 7 |  7.6
Dodging        | |  1.4

Action                     |  1- 3 |  4- 6 |  7- 9 | 10-12 | 13-15 | 16-18 || total
---------------------------+-------+-------+-------+-------+-------+-------++-------
  Melee: Short sword       |    16 |    32 |    12 |       |       |       ||    60
         War axe           |       |       |       |       |       |    14 ||    14
   Fire: Sling             |       |     1 |   205 |   118 |   107 |   200 ||   631
  Throw: Dart              |       |     3 |       |       |       |       ||     3
   Cast: Foxfire           |    76 |   126 |    35 |    30 |    50 |    40 ||   357
         Scorch            |       |    12 |    32 |   113 |    60 |    93 ||   310
         Olgreb's Toxic Ra |       |       |    12 |   194 |   121 |   258 ||   585
         Fireball          |       |       |       |     3 |       |       ||     3
         Iskenderun's Batt |       |       |       |     1 |     1 |       ||     2
         Lee's Rapid Decon |       |       |       |       |       |     3 ||     3
         Bombard           |       |       |       |       |       |     2 ||     2
  Evoke: Wand              |       |       |     1 |     4 |    17 |       ||    22
         Lightning rod     |       |       |       |       |     1 |       ||     1
    Use: Scroll            |       |     5 |     7 |    10 |     3 |     5 ||    30
         Potion            |       |       |     4 |     1 |     5 |     4 ||    14
   Stab: Sleeping          |       |     2 |       |       |       |       ||     2
 Armour: Robe              |    26 |    33 |    81 |       |       |       ||   140
         Acid dragon scale |       |       |    61 |   105 |       |       ||   166
         Skin              |       |       |    15 |       |       |       ||    15
         Ring mail         |       |       |       |    46 |   124 |   375 ||   545
  Dodge: Dodged            |    33 |    41 |   104 |    98 |    40 |   121 ||   437
         Repelled          |     1 |       |     3 |     1 |       |       ||     5
  Block: Buckler           |       |       |       |    31 |       |       ||    31
         Kite shield       |       |       |       |    77 |   146 |   383 ||   606

Table legend: (Time is in decaauts)
 A = Elapsed time spent in this place.
 B = Non-inter-level travel time spent in this place.
 C = Inter-level travel time spent in this place.
 D = Time resting spent in this place.
 E = Time spent auto-exploring this place.
 F = Levels seen in this place.
 G = Mean time per level.
                   A        B        C        D        E       F      G
               +--------+--------+--------+--------+--------+-----+--------+
         Total |  32700 |  31952 |    748 |   8885 |   3460 |  23 | 1421.7 |
       Dungeon |  17704 |  17197 |    507 |   4592 |   3232 |  12 | 1475.3 |
        Temple |     35 |     35 |      0 |      0 |      0 |   1 |   35.0 |
          Lair |   9473 |   9255 |    218 |   2766 |    228 |   5 | 1894.6 |
  Orcish Mines |   3173 |   3151 |     22 |    723 |      0 |   2 | 1586.5 |
   Elven Halls |    195 |    195 |      0 |      0 |      0 |   1 |  195.0 |
         Sewer |    670 |    670 |      0 |    302 |      0 |   1 |  670.0 |
       Volcano |   1446 |   1446 |      0 |    502 |      0 |   1 | 1446.0 |
               +--------+--------+--------+--------+--------+-----+--------+

Top non-repeatable levels by time:
  Lair:5: 4000 daAuts
    D:11: 2258 daAuts
   Orc:2: 2234 daAuts
    D:10: 2210 daAuts
     D:8: 1811 daAuts
     D:7: 1728 daAuts
  Lair:1: 1560 daAuts
     D:3: 1557 daAuts
 Volcano: 1446 daAuts
     D:4: 1410 daAuts
  Lair:4: 1406 daAuts
    D:12: 1376 daAuts
  Lair:3: 1318 daAuts
     D:9: 1233 daAuts
     D:5: 1191 daAuts
